| TOP OF THE 1ST |
|
Tulsa Drillers batting - Pitching for Denver Bears : RHP Curt Heidenreich
|
|
Pitching: RHP Curt Heidenreich
|
|
|
Batting: SHB Paul Householder
|
0-0: Ball 1-0: Swinging Strike 1-1: Swinging Strike 1-2: Ball 2-2: Ball 3-2: Base on Balls
|
|
Batting: RHB Victor Rios
|
0-0: Called Strike Paul Householder steals 2nd base (no throw) 0-1: Foul Ball, location: 2F 0-2: Ball 1-2: Ball 2-2: Ground out 1-3 (Groundball, 13, EV 69.4 MPH) Paul Householder to third
|
|
Batting: LHB Jim Adduci
|
0-0: Ball 1-0: Foul Ball, location: 2F 1-1: Ball 2-1: Foul Ball, location: 2F 2-2: Ball 3-2: Foul Ball, location: 2F 3-2: Strikes out swinging
|
|
Batting: LHB Mike Pagliarulo
|
0-0: Ball 1-0: Ball 2-0: Ground out 4-3 (Groundball, 4, EV 99.4 MPH)
|
| Top of the 1st over - 0 runs, 0 hits, 0 errors, 1 left on base; Tulsa 0 - Denver 0 |
| BOTTOM OF THE 1ST |
|
Denver Bears batting - Pitching for Tulsa Drillers : RHP Luis Garcia
|
|
Pitching: RHP Luis Garcia
|
|
|
Batting: LHB Dallas Williams
|
0-0: Ball 1-0: Foul Ball, location: 2F 1-1: SINGLE (Line Drive, 89S, EV 111.3 MPH)
|
|
Batting: LHB Tom Beyers
|
0-0: Ball 1-0: Swinging Strike 1-1: Ball 2-1: Foul Ball, location: 2F 2-2: Foul Ball, location: 2F 2-2: Foul Ball, location: 2F 2-2: Foul Ball, location: 2F 2-2: Hit by Pitch Dallas Williams to second
|
|
Batting: LHB Lenny Dykstra
|
0-0: Ball 1-0: SINGLE (Line Drive, 89S, EV 102.5 MPH) Dallas Williams to third Tom Beyers to second
|
|
Batting: RHB Kirby Puckett
|
0-0: Ball 1-0: Ball 2-0: Fly out, F8 (Line Drive, 8LD, EV 106.3 MPH) Runner from 3rd tags up, SCORES, no throw by CF
|
|
Batting: LHB Danny Heep
|
0-0: Ball 1-0: Ball 2-0: Ball 3-0: Foul Ball, location: 2F 3-1: Base on Balls Tom Beyers to third Lenny Dykstra to second
|
|
Batting: RHB Adolfo Feliz
|
0-0: Ball 1-0: Ball 2-0: Fly out, F8 (Flyball, 78D, EV 101.3 MPH) Runner from 3rd tags up, OUT at HOME! 8-2
|
| Bottom of the 1st over - 1 run, 2 hits, 0 errors, 2 left on base; Tulsa 0 - Denver 1 |
| TOP OF THE 2ND |
|
Tulsa Drillers batting - Pitching for Denver Bears : RHP Curt Heidenreich
|
|
Batting: LHB Randy Braun
|
0-0: Fly out, F9 (Flyball, 9LS, EV 84.4 MPH)
|
|
Batting: RHB Don Ruzek
|
0-0: Called Strike 0-1: Ball 1-1: Ball 2-1: Ball 3-1: Foul Ball, location: 2F 3-2: Strikes out swinging
|
|
Batting: RHB Steve Herz
|
0-0: Ball 1-0: Swinging Strike 1-1: Foul Ball, location: 2F 1-2: Ball 2-2: Fly out, F7 (Line Drive, 7, EV 97.5 MPH)
|
| Top of the 2nd over - 0 runs, 0 hits, 0 errors, 0 left on base; Tulsa 0 - Denver 1 |
| BOTTOM OF THE 2ND |
|
Denver Bears batting - Pitching for Tulsa Drillers : RHP Luis Garcia
|
|
Batting: RHB Juan Alvarez
|
0-0: Ball 1-0: Ball 2-0: Ball 3-0: Called Strike 3-1: Foul Ball, location: 2F 3-2: Fly out, F9 (Line Drive, 9, EV 111.9 MPH)
|
|
Batting: RHB Frank Lucy
|
0-0: Called Strike 0-1: Called Strike 0-2: Ball 1-2: Ball 2-2: Ground out 6-3 (Groundball, 6, EV 85.0 MPH)
|
|
Batting: RHB Gomez Barahona
|
0-0: Called Strike 0-1: Called Strike 0-2: Fly out, F7 (Flyball, 78M, EV 92.5 MPH)
|
| Bottom of the 2nd over - 0 runs, 0 hits, 0 errors, 0 left on base; Tulsa 0 - Denver 1 |
| TOP OF THE 3RD |
|
Tulsa Drillers batting - Pitching for Denver Bears : RHP Curt Heidenreich
|
|
Batting: RHB Nick Belmonte
|
0-0: Fly out, F8 (Flyball, 89M, EV 86.3 MPH)
|
|
Batting: RHB Onix Concepcion
|
0-0: Ball 1-0: Ball 2-0: Ground out 1-3 (Groundball, 13, EV 70.0 MPH)
|
|
Batting: SHB Paul Householder
|
0-0: Bunt missed! 0-1: Ball 1-1: Ball 2-1: Foul Ball, location: 2F 2-2: Fly out, F9 (Flyball, 9S, EV 92.5 MPH)
|
| Top of the 3rd over - 0 runs, 0 hits, 0 errors, 0 left on base; Tulsa 0 - Denver 1 |
| BOTTOM OF THE 3RD |
|
Denver Bears batting - Pitching for Tulsa Drillers : RHP Luis Garcia
|
|
Batting: LHB Dallas Williams
|
0-0: Ball 1-0: Ball 2-0: Called Strike 2-1: Called Strike 2-2: Fly out, F7 (Flyball, 7, EV 93.8 MPH)
|
|
Batting: LHB Tom Beyers
|
0-0: DOUBLE (Line Drive, 5D, EV 95.0 MPH)
|
|
Pinch Runner at 2nd Mark Gilbert:
|
|
|
Batting: LHB Lenny Dykstra
|
0-0: Ground out 5-3 (Groundball, 5, EV 83.1 MPH)
|
|
Batting: RHB Kirby Puckett
|
0-0: Ball 1-0: Ground out 1-3 (Groundball, 13, EV 65.6 MPH)
|
| Bottom of the 3rd over - 0 runs, 1 hit, 0 errors, 1 left on base; Tulsa 0 - Denver 1 |
| TOP OF THE 4TH |
|
Tulsa Drillers batting - Pitching for Denver Bears : RHP Curt Heidenreich
|
|
Now at 1B: Mark Gilbert
|
|
|
Batting: RHB Victor Rios
|
0-0: Foul Ball, location: 2F 0-1: Ball 1-1: Foul Ball, location: 2F 1-2: Foul Ball, location: 2F 1-2: Strikes out swinging
|
|
Batting: LHB Jim Adduci
|
0-0: Foul Ball, location: 2F 0-1: Ball 1-1: Ball 2-1: Ball 3-1: Base on Balls
|
|
Batting: LHB Mike Pagliarulo
|
0-0: Called Strike 0-1: Grounds into double play, 6-4-3 (Groundball, 6, EV 95.0 MPH)
|
| Top of the 4th over - 0 runs, 0 hits, 0 errors, 0 left on base; Tulsa 0 - Denver 1 |
| BOTTOM OF THE 4TH |
|
Denver Bears batting - Pitching for Tulsa Drillers : RHP Luis Garcia
|
|
Batting: LHB Danny Heep
|
0-0: Ball 1-0: Called Strike 1-1: Swinging Strike 1-2: Ball 2-2: Foul Ball, location: 2F 2-2: Foul Ball, location: 2F 2-2: SOLO HOME RUN (Flyball, 9D, EV 93.1 MPH), Distance : 377 ft
|
|
Batting: RHB Adolfo Feliz
|
0-0: Ball 1-0: Ball 2-0: Fly out, F7 (Flyball, 7, EV 77.5 MPH)
|
|
Batting: RHB Juan Alvarez
|
0-0: Called Strike 0-1: Ball 1-1: Swinging Strike 1-2: Ball 2-2: Ball 3-2: Ground out 6-3 (Groundball, 6, EV 83.1 MPH)
|
|
Batting: RHB Frank Lucy
|
0-0: Called Strike 0-1: Foul Ball, location: 2F 0-2: Ball 1-2: Fly out, F9 (Line Drive, 9, EV 89.4 MPH)
|
| Bottom of the 4th over - 1 run, 1 hit, 0 errors, 0 left on base; Tulsa 0 - Denver 2 |
| TOP OF THE 5TH |
|
Tulsa Drillers batting - Pitching for Denver Bears : RHP Curt Heidenreich
|
|
Batting: LHB Randy Braun
|
0-0: Called Strike 0-1: Swinging Strike 0-2: Ball 1-2: Ball 2-2: Ball 3-2: Fly out, F7 (Flyball, 78M, EV 89.4 MPH)
|
|
Batting: RHB Don Ruzek
|
0-0: Foul Ball, location: 2F 0-1: Ball 1-1: Ball 2-1: Foul Ball, location: 2F 2-2: Foul Ball, location: 2F 2-2: Foul Ball, location: 2F 2-2: Ball 3-2: Fly out, F8 (Flyball, 8RD, EV 95.6 MPH)
|
|
Batting: RHB Steve Herz
|
0-0: Ball 1-0: Called Strike 1-1: Fly out, F5 (Popup, 5F, EV 76.9 MPH)
|
| Top of the 5th over - 0 runs, 0 hits, 0 errors, 0 left on base; Tulsa 0 - Denver 2 |
| BOTTOM OF THE 5TH |
|
Denver Bears batting - Pitching for Tulsa Drillers : RHP Luis Garcia
|
|
Batting: RHB Gomez Barahona
|
0-0: Ball 1-0: Ground out 2-3 (Groundball, 2R, EV 70.0 MPH)
|
|
Batting: LHB Dallas Williams
|
0-0: Ball 1-0: Ball 2-0: Ball 3-0: Called Strike 3-1: Swinging Strike 3-2: Ground out U3 (Groundball, 3, EV 81.9 MPH)
|
|
Batting: SHB Mark Gilbert
|
0-0: Ball 1-0: Ball 2-0: Swinging Strike 2-1: Called Strike 2-2: Fly out, F9 (Flyball, 89M, EV 94.4 MPH)
|
| Bottom of the 5th over - 0 runs, 0 hits, 0 errors, 0 left on base; Tulsa 0 - Denver 2 |
| TOP OF THE 6TH |
|
Tulsa Drillers batting - Pitching for Denver Bears : RHP Curt Heidenreich
|
|
Batting: RHB Nick Belmonte
|
0-0: Called Strike 0-1: Swinging Strike 0-2: Strikes out swinging
|
|
Batting: RHB Onix Concepcion
|
0-0: Called Strike 0-1: Swinging Strike 0-2: Ball 1-2: Strikes out looking
|
|
Batting: SHB Paul Householder
|
0-0: Called Strike 0-1: Ball 1-1: Swinging Strike 1-2: Ball 2-2: Foul Ball, location: 2F 2-2: Strikes out swinging
|
| Top of the 6th over - 0 runs, 0 hits, 0 errors, 0 left on base; Tulsa 0 - Denver 2 |
| BOTTOM OF THE 6TH |
|
Denver Bears batting - Pitching for Tulsa Drillers : RHP Luis Garcia
|
|
Batting: LHB Lenny Dykstra
|
0-0: Ball 1-0: Fly out, F5 (Popup, 56, EV 70.6 MPH)
|
|
Batting: RHB Kirby Puckett
|
0-0: Ball 1-0: SINGLE (Groundball, 25, EV 71.3 MPH) (infield hit)
|
|
Batting: LHB Danny Heep
|
0-0: Ball 1-0: Called Strike 1-1: Ball 2-1: Swinging Strike 2-2: Fly out, F7 (Flyball, 7LM, EV 90.0 MPH)
|
|
Batting: RHB Adolfo Feliz
|
0-0: Foul Ball, location: 2F 0-1: Ball 1-1: Ball 2-1: Ball 3-1: Fly out, F6 (Line Drive, 6, EV 65.6 MPH)
|
| Bottom of the 6th over - 0 runs, 1 hit, 0 errors, 1 left on base; Tulsa 0 - Denver 2 |
| TOP OF THE 7TH |
|
Tulsa Drillers batting - Pitching for Denver Bears : RHP Curt Heidenreich
|
|
Batting: RHB Victor Rios
|
0-0: Called Strike 0-1: Ball 1-1: Ball 2-1: Ball 3-1: Foul Ball, location: 2F 3-2: Fly out, F3 (Line Drive, 3, EV 65.6 MPH)
|
|
Batting: LHB Jim Adduci
|
0-0: Ball 1-0: Ball 2-0: Ground out 4-3 (Groundball, 4M, EV 90.6 MPH)
|
|
Batting: LHB Mike Pagliarulo
|
0-0: Called Strike 0-1: Called Strike 0-2: Strikes out swinging
|
| Top of the 7th over - 0 runs, 0 hits, 0 errors, 0 left on base; Tulsa 0 - Denver 2 |
| BOTTOM OF THE 7TH |
|
Denver Bears batting - Pitching for Tulsa Drillers : RHP Luis Garcia
|
|
Batting: RHB Juan Alvarez
|
0-0: Ball 1-0: Called Strike 1-1: SINGLE (Flyball, 34D, EV 89.4 MPH)
|
|
Batting: RHB Frank Lucy
|
0-0: Foul Ball, location: 2F 0-1: Ball 1-1: Ball 2-1: Ball 3-1: Foul Ball, location: 2F 3-2: Strikes out looking
|
|
Batting: RHB Gomez Barahona
|
0-0: Ball 1-0: Ball 2-0: Called Strike 2-1: Swinging Strike 2-2: Fly out, F1 (Line Drive, P, EV 70.6 MPH)
|
|
Batting: LHB Dallas Williams
|
0-0: Ball 1-0: Fly out, F7 (Flyball, 7S, EV 88.1 MPH)
|
| Bottom of the 7th over - 0 runs, 1 hit, 0 errors, 1 left on base; Tulsa 0 - Denver 2 |
| TOP OF THE 8TH |
|
Tulsa Drillers batting - Pitching for Denver Bears : RHP Curt Heidenreich
|
|
Now at C: Larry Donofrio
|
|
|
Batting: LHB Randy Braun
|
0-0: Swinging Strike 0-1: Called Strike 0-2: Foul Ball, location: 2F 0-2: Strikes out swinging
|
|
Batting: RHB Don Ruzek
|
0-0: Fly out, F3 (Popup, 3F, EV 68.8 MPH)
|
|
Batting: RHB Steve Herz
|
0-0: Ball 1-0: Ball 2-0: Ground out 6-3 (Groundball, 6, EV 84.4 MPH)
|
| Top of the 8th over - 0 runs, 0 hits, 0 errors, 0 left on base; Tulsa 0 - Denver 2 |
| BOTTOM OF THE 8TH |
|
Denver Bears batting - Pitching for Tulsa Drillers : RHP Luis Garcia
|
|
Batting: LHB Larry Donofrio
|
0-0: Called Strike 0-1: Foul Ball, location: 2F 0-2: Foul Ball, location: 2F 0-2: Strikes out swinging
|
|
Batting: LHB Lenny Dykstra
|
0-0: Called Strike 0-1: Ball 1-1: Foul Ball, location: 2F 1-2: Ball 2-2: Fly out, F8 (Flyball, 8RD, EV 88.1 MPH)
|
|
Batting: RHB Kirby Puckett
|
0-0: Ball 1-0: Fly out, F4 (Popup, 3D, EV 50.6 MPH)
|
| Bottom of the 8th over - 0 runs, 0 hits, 0 errors, 0 left on base; Tulsa 0 - Denver 2 |
| TOP OF THE 9TH |
|
Tulsa Drillers batting - Pitching for Denver Bears : RHP Curt Heidenreich
|
|
Batting: RHB Nick Belmonte
|
0-0: Fly out, F4 (Popup, 4D, EV 52.5 MPH)
|
|
Batting: RHB Onix Concepcion
|
0-0: Foul Ball, location: 2F 0-1: Foul Ball, location: 2F 0-2: Fly out, F8 (Flyball, 8LM, EV 78.8 MPH)
|
|
Batting: SHB Paul Householder
|
0-0: Ball 1-0: Ball 2-0: Called Strike 2-1: Called Strike 2-2: Strikes out swinging
|
| Top of the 9th over - 0 runs, 0 hits, 0 errors, 0 left on base; Tulsa 0 - Denver 2 |
|